 Dungeon Sprint DCSS version 0.20.1-1-g8b1a95d (webtiles) character file.

147 equalderp2856 the Covered (level 5, 0/51 HPs)
             Began as a Minotaur Fighter on Aug 11, 2017.
             Slain by a vampire (1 damage)
             ... in the Dungeon (Sprint IX: "|||||||||||||||||||||||||||||").
             The game lasted 00:00:53 (380 turns).

equalderp2856 the Covered (Minotaur Fighter)         Turns: 380, Time: 00:00:53

Health: 0/51       AC:  7    Str: 25    XL:     5   Next: 7%
Magic:  4/4        EV:  9    Int:  5    God:
Gold:   0          SH:  0    Dex: 11    Spells: 4/4 levels left

rFire    . . .     SeeInvis .   a - +0 war axe
rCold    . . .     Gourm    .   c - +0 shield
rNeg     . . .     Faith    .   b - +0 scale mail
rPois    .         Spirit   .   (helmet restricted)
rElec    .         Reflect  .   (no cloak)
rCorr    .         Harm     .   (no gloves)
MR       .....     NoTele   +   (no boots)
Stlth    ..........             (no amulet)
Regen    0.2/turn               (no ring)
MPRegen  0.1/turn               (no ring)

@: confused, mighty
A: retaliatory headbutt, horns 2
a: no special abilities


You were in the Dungeon.
You were not hungry.

You visited 1 branch

Inventory:

Hand Weapons
 a - a +0 war axe (weapon)
Armour
 b - a +0 scale mail (worn)
 c - a +0 shield (worn)
Jewellery
 p - a +2 ring of evasion
 q - a +3 ring of strength
Wands
 o - a wand of lightning (7/15)
Scrolls
 k - 2 scrolls of blinking
 m - 3 scrolls of remove curse
 n - 2 scrolls of amnesia
Potions
 e - a potion of invisibility
 g - a potion of heal wounds
 h - a potion of haste
 i - 4 potions of magic
 j - a potion of berserk rage
 l - 4 potions of curing
Comestibles
 f - a bread ration


   Skills:
 + Level 6.6 Fighting
 + Level 7.0 Axes
 + Level 7.0 Armour
 + Level 1.4 Dodging
 + Level 6.7 Shields


You had 4 spell levels left.
You didn't know any spells.

Dungeon Overview and Level Annotations

Branches:
Dungeon (1/1)

Altars:
Cheibriados
Dithmenos
Elyvilon
Fedhas
Gozag
Hepliaklqana
Kikubaaqudgha
Makhleb
Nemelex Xobeh
Okawaru
Qazlal
Ru
Sif Muna
Trog
Uskayaw
Vehumet
Xom
Yredelemnul
Zin
The Shining One
Beogh
Jiyva
Lugonu


Innate Abilities, Weirdness & Mutations

You reflexively headbutt those who attack you in melee.
You have a pair of horns on your head.


Message History

You bump into the unnaturally hard rock wall.
The vampire barely misses you. The vampire bites you.
The vampire draws strength from your injuries!
You bump into the unnaturally hard rock wall.
The vampire closely misses you. x2
You bump into the unnaturally hard rock wall.
The vampire hits you! The vampire bites you!
The vampire draws strength from your injuries!
You bump into the unnaturally hard rock wall.
The vampire hits you.
* * * LOW HITPOINT WARNING * * *
The vampire bites you.
* * * LOW HITPOINT WARNING * * *
The vampire draws strength from your injuries!
You closely miss the vampire.
The vampire is lightly damaged.
The vampire hits you!
* * * LOW HITPOINT WARNING * * *
The vampire bites you.
You die... ▓▓▓▓▓▓▓▓▓▓▓▓▓▓▓▓▓▓▓▓▓▓▓▓▓▓ ____.____'..|)[[@VsclDZ... ▓▓▓▓▓▓▓▓▓▓▓▓▓▓▓▓▓▓▓▓▓▓▓▓▓▓

You could see a vampire, a steam dragon, a wyvern, a centaur, a scorpion and a bat zombie.

Vanquished Creatures
  A phantom (D)
  A scorpion (D)
  A worm (D)
  A leopard gecko (D)
  A bat zombie (D)
  A giant cockroach (D)
  2 goblins (D)
  A hobgoblin (D)
  A quokka skeleton (D)
10 creatures vanquished.

Notes
Turn   | Place    | Note
-------+----------+-------------------------------------------
     0 | D        | equalderp2856 the Minotaur Fighter began the quest for the Orb.
     0 | D        | Reached XP level 1. HP: 19/19 MP: 0/0
    69 | D        | Noticed a phantom
    69 | D        | Noticed a scorpion
    83 | D        | Killed a scorpion
    83 | D        | Reached skill level 5 in Fighting
    83 | D        | Reached skill level 5 in Armour
    83 | D        | Reached skill level 5 in Shields
    83 | D        | Reached XP level 2. HP: 13/30 MP: 1/1
    83 | D        | Reached XP level 3. HP: 16/37 MP: 2/2
    86 | D        | HP: 1/37 [phantom (7)]
   136 | D        | Killed a phantom
   136 | D        | Reached skill level 1 in Dodging
   136 | D        | Reached XP level 4. HP: 18/45 MP: 3/3
   136 | D        | Reached XP level 5. HP: 21/51 MP: 4/4
   319 | D        | Found a roughly hewn altar of Beogh.
   319 | D        | Found a snail-covered altar of Cheibriados.
   319 | D        | Found a shadowy altar of Dithmenos.
   319 | D        | Found a white marble altar of Elyvilon.
   319 | D        | Found a blossoming altar of Fedhas.
   319 | D        | Found an opulent altar of Gozag.
   320 | D        | Found a hazy altar of Hepliaklqana.
   321 | D        | Found a viscous altar of Jiyva.
   322 | D        | Found an ancient bone altar of Kikubaaqudgha.
   323 | D        | Found a corrupted altar of Lugonu.
   324 | D        | Found a burning altar of Makhleb.
   325 | D        | Found a sparkling altar of Nemelex Xobeh.
   326 | D        | Found an iron altar of Okawaru.
   327 | D        | Found a stormy altar of Qazlal.
   328 | D        | Found a sacrificial altar of Ru.
   329 | D        | Found a deep blue altar of Sif Muna.
   330 | D        | Found a bloodstained altar of Trog.
   331 | D        | Found a hide-covered altar of Uskayaw.
   332 | D        | Found a radiant altar of Vehumet.
   334 | D        | Found a shimmering altar of Xom.
   335 | D        | Found a basalt altar of Yredelemnul.
   336 | D        | Found a glowing silver altar of Zin.
   337 | D        | Found a glowing golden altar of the Shining One.
   361 | D        | Noticed a vampire
   361 | D        | Noticed a centaur
   361 | D        | Noticed a wyvern
   361 | D        | Noticed a steam dragon
   380 | D        | HP: 1/51 [vampire (8)]
   380 | D        | Slain by a vampire

Skill      XL: |  1  2  3 |
---------------+----------+-----
Fighting       | 5 6 |  6.6
Armour         | 5 7 |  7.0
Shields        | 5 6 |  6.7
Axes           | 4 7 |  7.0
Dodging        | 1 |  1.4

Action                   |  1- 3 |  4- 6 || total
-------------------------+-------+-------++-------
Melee: War axe           |    56 |     4 ||    60
       Headbutt          |     4 |     1 ||     5
  Use: Potion            |     2 |     2 ||     4
Armor: Scale mail        |    25 |     6 ||    31
Dodge: Dodged            |    12 |     6 ||    18
Block: Shield            |    19 |     2 ||    21
